 Dungeon Crawl Stone Soup version 0.23-a0-296-ga3b1b28 (webtiles) character file.

44 Ijustatesigmund the Conjurer (level 3, 0/21 HPs)
             Began as an Octopode Conjurer on Oct 5, 2018.
             Succumbed to a gnoll's poison
             ... on level 2 of the Dungeon.
             The game lasted 00:03:26 (2241 turns).

Ijustatesigmund the Conjurer (Octopode Conjurer)    Turns: 2241, Time: 00:03:27

Health: 0/21       AC:  1    Str:  7    XL:     3   Next: 60%
Magic:  1/6        EV: 13    Int: 17    God:
Gold:   27         SH:  0    Dex: 13    Spells: 3/6 levels left

rFire    . . .     SeeInvis .   k - +0 whip
rCold    . . .     Gourm    .   (no shield)
rNeg     . . .     Faith    .   e - +0 hat
rPois    .         Spirit   .   d - amulet of rage
rElec    .         Reflect  .   (no ring)
rCorr    .         Harm     .   (no ring)
MR       .....                  (no ring)
Stlth    +++.......             (no ring)
HPRegen  0.07/turn              (no ring)
MPRegen  0.10/turn              (no ring)
                                (no ring)
                                (no ring)

@: lethally poisoned (0 -> -9)
A: almost no armour, stealthy swim, amphibious, 8 rings, constrict 8, camouflage
1, gelatinous body 1
a: Evoke Berserk Rage


You were on level 2 of the Dungeon.
You were not hungry.

You visited 1 branch of the dungeon, and saw 2 of its levels.

You collected 27 gold pieces.

Inventory:

Hand Weapons
 k - a +0 whip (weapon)
Missiles
 a - a throwing net (quivered)
 f - 11 sling bullets
Armour
 e - a +0 hat (worn)
Jewellery
 d - an amulet of rage (around mantle)
Comestibles
 b - 3 rations
 j - a chunk of flesh


   Skills:
 - Level 2.0 Dodging
 - Level 2.6 Stealth
 - Level 2.0 Spellcasting
 + Level 5.2 Conjurations


You had 3 spell levels left.
You knew the following spells:

 Your Spells              Type           Power        Failure   Level  Hunger
a - Magic Dart            Conj           ###.         2%          1    #......
b - Searing Ray           Conj           ###...       3%          2    ###....

Your spell library contained the following spells:

 Spells                   Type           Power        Failure   Level  Hunger
 Dazzling Spray           Conj/Hex       ##....       21%         3    ###....
 Iskenderun's Mystic Bla  Conj           ###.....     22%         4    #####..
 Force Lance              Conj/Tloc      ##......     54%         4    #####..
 Fulminant Prism          Conj/Hex       ##........   54%         4    #####..


Dungeon Overview and Level Annotations

Branches:
Dungeon (2/15)

Altars:


Innate Abilities, Weirdness & Mutations

You cannot wear most types of armour.
You are very stealthy in the water. (Stealth+)
You are amphibious.
You can wear up to eight rings at the same time.
You can use your tentacles to constrict eight enemies at once.
Your skin changes colour to match your surroundings (Stealth+).
Your rubbery body absorbs attacks. (AC +1, EV +1)


Message History

* * * LOW HITPOINT WARNING * * *
You feel sick.
As you read the scroll labeled MANAIC SOPT, it crumbles to dust.
You assume a fearsome visage.
Nothing appears to happen.
It was a scroll of fear.
* * * LOW HITPOINT WARNING * * *
You feel sick.
As you read the scroll labeled AJOREBB GYTS, it crumbles to dust.
You feel aware of your surroundings.
You sensed 1 altar.
It was a scroll of magic mapping.
As you read the scroll labeled HIRISATOIW, it crumbles to dust.
It is a scroll of amnesia.
Okay, then.
* * * LOW HITPOINT WARNING * * *
You feel sick.
Unknown command.
Unknown command.
* * * LOW HITPOINT WARNING * * *
You feel sick.
You die...

**,*,****#g......# ***
,,,*,* #.##.##.# *,,
****,* #.##.##.#
*******,*
*,****#.##.##.#
*,,,,,,,*
*,,,,,..##.##.#
*,*******
******####.##.# *,*
#.##.# *,* **#.##.###
*,*
***********,,,*#@..#
*,*
,,,,,,,,,,,,,**###.#
*,* ***********,,* *,#
*,* *,,* *,* *,*******
*,,* *,* *,,,,,,,,
*,,*****,******,*****,,
*,,,,,,,,,,,,,,,* *,*
*,*************** *,*
*,,,,,,,,,,* *,*


There were no monsters in sight!

Vanquished Creatures
  An ooze (D:1)
  2 dart slugs (D:1)
  A leopard gecko (D:1)
  3 giant cockroaches
  3 goblins (D:1)
  3 hobgoblins (D:1)
  4 jackals (D:1)
  A kobold (D:1)
  A quokka (D:2)
  2 bats
  3 frilled lizards (D:1)
  9 rats
33 creatures vanquished.

Notes
Turn   | Place    | Note
-------+----------+-------------------------------------------
     0 | D:1      | Ijustatesigmund the Octopode Conjurer began the quest for
                  | the Orb.
     0 | D:1      | Reached XP level 1. HP: 11/11 MP: 3/3
   435 | D:1      | Reached XP level 2. HP: 10/17 MP: 0/5
   661 | D:1      | Learned a level 2 spell: Searing Ray
  1291 | D:1      | Reached XP level 3. HP: 21/21 MP: 3/6
  1490 | D:1      | Reached skill level 5 in Conjurations
  2240 | D:2      | HP: 1/21 [poisoned by a gnoll]
  2241 | D:2      | Succumbed to a gnoll's poison

Vault maps used:
D:1:      saegor_arrival_miasma, minmay_tiny_reverse_x
D:2:      cheibrodos_fertilizer, bloody_trog

Skill      XL: |  1  2  3 |
---------------+----------+-----
Conjurations   | 5 |  5.2
Dodging        | |  2.0
Stealth        | |  2.6
Spellcasting   | |  2.0

Action                   || total
-------------------------++-------
Melee: Unarmed           ||    22
       Tentacles         ||     6
       Constrict         ||     4
 Cast: Magic Dart        ||    64
  Use: Scroll            ||     4
 Stab: Sleeping          ||     1
  Eat: Chunk             ||     5
Armor: Skin              ||     2
Dodge: Dodged            ||    19

Table legend:
 A = Non-vault XP
 B = Vault XP
 C = Vault XP percentage of total XP
 D = Non-vault monster count
 E = Vault monster count
 F = Vault count percentage of total count
                 A         B        C        D         E       F
            +---------+---------+-------+---------+---------+-------
      Total |      58 |       5 |   7.9 |      31 |       2 |   6.1
            +---------+---------+-------+---------+---------+-------
        D:1 |      50 |       5 |   9.1 |      26 |       2 |   7.1
        D:2 |       8 |       0 |   0.0 |       5 |       0 |   0.0
            +---------+---------+-------+---------+---------+-------
